 Dungeon Crawl Stone Soup version 0.24.0-13-gcf9b3192b9 (console) character file.

Game seed: 1838622627225390119, levelgen mode: deterministic

30093 AlterAsc the Grappler (level 13, -1/70 HPs)
             Began as a Vine Stalker Transmuter on Nov 10, 2019.
             Was an Elder of Ashenzari.
             Succumbed to a spiny frog's poison
             ... on level 4 of the Lair of Beasts.
             The game lasted 00:50:25 (13252 turns).

AlterAsc the Grappler (Vine Stalker Transmuter)    Turns: 13252, Time: 00:50:25

Health: -1/70      AC:  7    Str: 26    XL:     13   Next: 49%
Magic:  23/23      EV: 21    Int: 13    God:    Ashenzari [****..]
Gold:   435        SH:  0    Dex: 21    Spells: 13/24 levels left

rFire    + . .     SeeInvis +     - Unarmed
rCold    + . .     Gourm    +   (shield currently unavailable)
rNeg     . . .     Faith    .   k - +1 leather armour {rF+}
rPois    .         Spirit   +   (no helmet)
rElec    .         Reflect  .   (no cloak)
rCorr    .         Harm     .   (gloves currently unavailable)
MR       +....     Clarity  +   D - +2 pair of boots
Stlth    ++........             G - amulet of the gourmand (curse)
HPRegen  1.01/turn              L - +4 ring of strength
MPRegen  0.18/turn              B - ring of protection from cold (curse)

@: confused, mighty, agile, lethally poisoned (-1 -> -18), blade hands
(expiring)
A: fangs 3, regeneration 2, magic shield, antimagic bite, no potion heal 3, rot
immunity
a: End Transformation, Curse Item, Scrying, Renounce Religion


You were on level 4 of the Lair of Beasts.
You worshipped Ashenzari.
Ashenzari was greatly pleased with you.
You were completely stuffed.
You had blades for hands.
You visited 3 branches of the dungeon, and saw 16 of its levels.

You collected 825 gold pieces.
You spent 390 gold pieces at shops.

Inventory:

Hand Weapons
 J - the +7 lajatang of Order {silver, rMut}
   (You found it on level 1 of the Lair of Beasts)

   It protects you from mutation.
Missiles
 a - 153 arrows
Armour
 g - a +0 pair of gloves (melded)
 k - a +1 leather armour of fire resistance (worn)
 D - a +2 pair of boots (worn)
 N - a +1 ring mail of poison resistance
Magical Staves
 u - an uncursed staff of conjuration
 A - an uncursed staff of poison
Jewellery
 e - an uncursed ring of resist corrosion
 l - an uncursed ring of flight
 B - a cursed ring of protection from cold (right scythe-like blade)
 G - a cursed amulet of the gourmand (around neck)
 L - a +4 ring of strength (left scythe-like blade)
 M - an uncursed amulet of the acrobat
 O - an uncursed ring of see invisible
 X - a +3 amulet of reflection
Wands
 t - a wand of clouds (6)
 w - a wand of scattershot (3)
 x - a wand of disintegration (12)
 I - a wand of random effects (9)
 Q - a wand of digging (7)
 U - a wand of paralysis (4)
Scrolls
 b - a scroll of identify
 h - a scroll of enchant armour
 i - 2 scrolls of amnesia
 n - 2 scrolls of blinking
 o - 4 scrolls of fear
 q - a scroll of teleportation
 z - 2 scrolls of immolation
 E - 2 scrolls of fog
 K - a scroll of vulnerability {unknown}
 P - 3 scrolls of magic mapping {unknown}
 W - a scroll of acquirement {unknown}
 Y - a scroll of summoning {unknown}
Potions
 f - 2 potions of ambrosia
 j - a potion of agility
 m - a potion of haste
 p - 2 potions of mutation {unknown}
 r - 4 potions of magic
 v - 4 potions of might
 C - 2 potions of brilliance {unknown}
 F - 3 potions of heal wounds {unknown}
 H - a potion of lignification {unknown}
 T - a potion of curing {unknown}
 V - 2 potions of invisibility {unknown}
Miscellaneous
 S - a lamp of fire
Comestibles
 c - 2 chunks of flesh
 d - 36 rations


   Skills:
 + Level 9.3 Fighting
 + Level 5.4 Armour
 + Level 5.8 Dodging
 * Level 13.8 Unarmed Combat
 - Level 6.0 Spellcasting
 - Level 8.0(10.3) Transmutations
 - Level 6.2(8.5) Evocations


You had 13 spell levels left.
You knew the following spells:

 Your Spells              Type           Power        Failure   Level  Hunger
a - Beastly Appendage     Tmut           ####..       10%         1    None
b - Blade Hands           Tmut           ####......   41%         5    ######.
c - Spider Form           Tmut/Pois      ###.......   36%         3    ###....
d - Sticks to Snakes      Tmut           ####....     11%         2    ##.....

Your spell library contained the following spells:

 Spells                   Type           Power        Failure   Level  Hunger
 Animate Skeleton         Necr           N/A          58%         1    None
 Apportation              Tloc           #.....       58%         1    None
 Confusing Touch          Hex            #.....       58%         1    None
 Corona                   Hex            #......      58%         1    None
 Summon Small Mammal      Summ           #...         58%         1    None
 Ice Form                 Ice/Tmut       ###.....     63%         4    ####...
 Petrify                  Tmut/Erth      ###.....     63%         4    ####...
 Slow                     Hex            #.......     69%         2    ##.....
 Confuse                  Hex            #.......     85%         3    ###....
 Gell's Gravitas          Tloc           #.........   85%         3    ###....
 Inner Flame              Hex/Fire       #.......     85%         3    ###....
 Portal Projectile        Hex/Tloc       #.....       85%         3    ###....
 Yara's Violent Unravell  Hex/Tmut       ###.......   87%         5    ######.
 Cause Fear               Hex            #.........   99%         4    ####...
 Leda's Liquefaction      Hex/Erth       #.........   99%         4    ####...
 Metabolic Englaciation   Hex/Ice        #.........   100%        5    ######.


Dungeon Overview and Level Annotations

Branches:
Dungeon (10/15)            Temple (1/1) D:5            Lair (5/6) D:10
  Swamp (0/4) Lair:4        Snake (0/4) Lair:3
  Slime: Lair:5-6       Orc: D:9-12

Altars:
Ashenzari
Cheibriados
Dithmenos
Elyvilon
Fedhas
Gozag
Hepliaklqana
Kikubaaqudgha
Makhleb
Nemelex Xobeh
Okawaru
Qazlal
Ru
Sif Muna
Trog
Uskayaw
Vehumet
Wu Jian
Xom
Yredelemnul
Zin
The Shining One

Shops:
D:5 =   D:7 (:

Annotations:
D:10 Urug
Lair:4 exclusion: 2 oklob plants


Innate Abilities, Weirdness & Mutations

You have razor-sharp teeth.
You heal very quickly.
When hurt, damage is shared between your health and your magic reserves.
Your bite disrupts and absorbs the magic of your enemies.
Potions cannot restore your health.
You are immune to rotting.


Message History

Your lamp of fire has recharged.
* * * LOW HITPOINT WARNING * * *
You feel very sick.
There is a lethal amount of poison in your body!
Okay, then.
It was a potion of ambrosia.
You are confused.
Your system rejects the healing.
You feel invigorated.
* * * LOW HITPOINT WARNING * * *
You feel very sick.
It was a potion of agility.
You feel agile all of a sudden.
* * * LOW HITPOINT WARNING * * *
You feel very sick.
It was a potion of magic.
Magic courses through your body.
* * * LOW HITPOINT WARNING * * *
You feel very sick.
It was a potion of might.
You feel very mighty all of a sudden.
You die...

#......P##.......................
...............................#.
......##.......................##
.#.###........................P##
#### #....................###..##
#####..................##......
###.###..................#.......
##.........................###...
................@........#.# ###.
........................P### #.
.###...................### ##. ##
###.................# ##P.
##.P................#######...
###.................#..#.##.##..
#..................##.....##....
##...P............###...........
###..PPP..........##.#[..........


There were no monsters in sight!

Vanquished Creatures
  A catoblepas (Lair:5)
  2 hydras
  Harold (Lair:1)
  Erica (D:9)
  3 two-headed ogres
  7 death yaks
  Nergalle (Lair:1)
  An ice statue (Lair:1)
  An elephant (D:10)
  A guardian serpent (Lair:3)
  A centaur zombie (D:10)
  5 black mambas
  4 spiny frogs
  3 rime drakes
  A komodo dragon (Lair:4)
  2 trolls (D:10)
  A polar bear (Lair:3)
  4 blink frogs (Lair:4)
  3 hippogriffs
  Sigmund (D:2)
  24 yaks
  A vampire (D:10)
  4 basilisks
  4 hogs (D:7)
  A human (D:7)
  A warg (D:10)
  3 porcupines
  8 water moccasins
  An ice beast (D:9)
  6 sky beasts
  2 black bears
  2 orc warriors
  An eye of draining (D:10)
  7 phantoms
  12 wolves
  3 centaurs
  5 ogres
  4 crocodiles
  Blork the orc (D:5)
  A wyvern zombie (D:6)
  8 bullfrogs
  2 scorpions
  A water moccasin skeleton (D:8)
  12 killer bees
  12 wights
  2 electric eels (Lair:1)
  2 howler monkeys
  3 crimson imps
  A jelly (D:6)
  7 hounds
  8 orc priests
  4 orc wizards
  3 bullfrog skeletons
  2 iguanas
  6 hell rats
  7 worker ants
  A killer bee zombie (D:8)
  A hound zombie (D:7)
  2 river rats (Lair:2)
  10 adders
  A shadow imp (D:10)
  2 oozes
  3 worms
  3 dart slugs
  2 leopard geckos (D:2)
  31 orcs
  4 giant cockroaches
  4 goblins
  7 hobgoblins
  12 jackals
  7 kobolds
  3 quokkas
  A ball python (D:1)
  5 bats
  5 frilled lizards
  A leopard gecko zombie (D:6)
  A quokka skeleton (D:5)
  A quokka zombie (D:5)
  7 rats
329 creatures vanquished.

Vanquished Creatures (others)
  A hell rat (Lair:3)
  3 fungi
  3 plants
7 creatures vanquished.

Grand Total: 336 creatures vanquished

Notes
Turn   | Place    | Note
-------+----------+-------------------------------------------
     0 | D:1      | AlterAsc the Vine Stalker Transmuter began the quest for
                  | the Orb.
     0 | D:1      | Reached XP level 1. HP: 9/9 MP: 4/4
    22 | D:1      | Reached skill level 1 in Fighting
   301 | D:1      | Reached XP level 2. HP: 11/14 MP: 4/6
   801 | D:1      | Reached XP level 3. HP: 18/18 MP: 7/7
  1195 | D:2      | Noticed Sigmund
  1761 | D:2      | Found a shimmering blue altar of Sif Muna.
  1761 | D:2      | Found a shadowy altar of Dithmenos.
  1814 | D:2      | Gained mutation: Your natural rate of healing is unusually
                  | fast. [Vine Stalker growth]
  1814 | D:2      | Reached XP level 4. HP: 1/22 MP: 4/9
  2461 | D:3      | Found a faded altar of an unknown god.
  2974 | D:2      | Killed Sigmund
  2974 | D:2      | Reached skill level 4 in Unarmed Combat
  2974 | D:2      | Reached XP level 5. HP: 18/26 MP: 6/10
  2974 | D:2      | Reached XP level 6. HP: 21/30 MP: 6/11
  3697 | D:5      | Entered Level 5 of the Dungeon
  3702 | D:5      | Found a sacrificial altar of Ru.
  3725 | D:5      | Learned a level 5 spell: Blade Hands
  3764 | D:5      | Noticed Blork the orc
  3796 | D:5      | Killed Blork the orc
  3796 | D:5      | Reached XP level 7. HP: 8/35 MP: 1/13
  3878 | D:5      | Learned a level 3 spell: Spider Form
  3889 | D:5      | Found Vuum's Jewellery Shoppe.
  3920 | D:5      | Reached skill level 5 in Transmutations
  4178 | D:5      | Found a bloodstained altar of Trog.
  4294 | D:5      | Reached skill level 5 in Unarmed Combat
  4345 | D:5      | Found a staircase to the Ecumenical Temple.
  4351 | Temple   | Entered the Ecumenical Temple
  4358 | Temple   | Became a worshipper of Ashenzari the Shackled
  4403 | D:5      | Found a basalt altar of Yredelemnul.
  4537 | D:6      | Found a shimmering blue altar of Sif Muna.
  4708 | D:6      | Gained mutation: You have razor-sharp teeth. [Vine Stalker
                  | growth]
  4708 | D:6      | Reached XP level 8. HP: 10/39 MP: 5/15
  4890 | D:6      | Reached skill level 6 in Unarmed Combat
  5060 | D:6      | Reached skill level 5 in Spellcasting
  5101 | D:6      | Learned a level 2 spell: Sticks to Snakes
  5178 | D:6      | Reached XP level 9. HP: 42/45 MP: 10/17
  5738 | D:5      | Bought an uncursed amulet of the gourmand for 390 gold
                  | pieces
  5893 | D:7      | Reached skill level 7 in Unarmed Combat
  5930 | D:7      | Reached * piety under Ashenzari
  6080 | D:7      | Found Kusissal's Book Shop.
  6229 | D:7      | Found Ihacliez's Weapon Shop.
  6269 | D:7      | Reached skill level 5 in Fighting
  6269 | D:7      | Reached skill level 8 in Unarmed Combat
  6272 | D:7      | Reached XP level 10. HP: 45/51 MP: 17/20
  6807 | D:7      | Found an opulent altar of Gozag.
  6901 | D:8      | Reached skill level 9 in Unarmed Combat
  6946 | D:8      | Noticed a two-headed ogre
  7221 | D:8      | Found a shadowy altar of Dithmenos.
  7266 | D:8      | Reached ** piety under Ashenzari
  7385 | D:8      | Noticed a two-headed ogre
  7541 | D:8      | Killed a two-headed ogre
  7541 | D:8      | Reached skill level 10 in Unarmed Combat
  7615 | D:8      | Found a shadowy altar of Dithmenos.
  7758 | D:8      | Reached skill level 1 in Evocations
  7906 | D:8      | Killed a two-headed ogre
  8052 | D:9      | Noticed a six-headed hydra
  8246 | D:9      | Killed a six-headed hydra
  8246 | D:9      | Reached XP level 11. HP: 58/58 MP: 21/21
  8546 | D:9      | Found a hazy altar of Hepliaklqana.
  8650 | D:9      | Noticed Erica
  8663 | D:9      | Killed Erica
  8865 | D:10     | Entered Level 10 of the Dungeon
  8931 | D:10     | Reached skill level 1 in Armour
  8944 | D:10     | Noticed a two-headed ogre
  8950 | D:10     | Killed a two-headed ogre
  8950 | D:10     | Reached skill level 11 in Unarmed Combat
  8950 | D:10     | Reached skill level 5 in Evocations
  8992 | D:10     | Found a staircase to the Lair.
  9155 | D:10     | Noticed Urug
  9299 | Lair:1   | Entered Level 1 of the Lair of Beasts
  9309 | Lair:1   | Noticed Harold
  9326 | Lair:1   | Killed Harold
  9563 | Lair:1   | Reached *** piety under Ashenzari
  9569 | Lair:1   | Gained mutation: You heal very quickly. [Vine Stalker
                  | growth]
  9569 | Lair:1   | Reached XP level 12. HP: 58/63 MP: 11/22
  9629 | Lair:1   | Noticed Nergalle
  9640 | Lair:1   | Killed Nergalle
  9781 | Lair:1   | Found the +7 lajatang of Order {silver, rMut}
 10099 | Lair:1   | Reached skill level 12 in Unarmed Combat
 10423 | Lair:2   | Noticed a death yak
 10428 | Lair:2   | Killed a death yak
 11270 | Lair:3   | Reached **** piety under Ashenzari
 11436 | Lair:3   | Found a staircase to the Snake Pit.
 11911 | Lair:4   | Found a staircase to the Swamp.
 11973 | Lair:4   | Noticed a seven-headed hydra
 11982 | Lair:4   | Killed a seven-headed hydra
 12075 | Lair:4   | Reached skill level 13 in Unarmed Combat
 12117 | Lair:4   | Reached skill level 5 in Dodging
 12128 | Lair:4   | Reached XP level 13. HP: 47/69 MP: 10/23
 13083 | Lair:5   | Reached skill level 5 in Armour
 13251 | Lair:4   | HP: 1/70 [poisoned by a spiny frog]
 13252 | Lair:4   | Succumbed to a spiny frog's poison

Levels and vault maps discovered:
D:1:      dpeg_arrival_shrine, layout_rooms
D:2:      layout_basic, gammafunk_temple_overflow_wave, uniq_sigmund
D:3:      layout_loops_ring, chequers_ecumenical_altar_island
D:4:      layout_loops_ring, first_ration
D:5:      layout_rooms, kennysheep_mini, nicolae_overflow_crystal_walls,
          nicolae_ru_awakened_eye, minmay_temple_entry_trees, serial_shops,
          nicolae_shop_trees, uniq_blork_the_orc
D:6:      layout_loops_ring, basic_altar
D:7:      cheibrodos_iron_armory, layout_basic, nicolae_overflow_hidden_temple,
          serial_shops, shop, shop, grunt_livestock, eino_jars
D:8:      layout_gridville, basic_altar,
          nicolae_dithmenos_through_a_glass_darkly
D:9:      layout_irregular_city, lemuel_crystal_altar, uniq_erica
D:10:     layout_rooms, david_lair_generic, david_orc_3, enter_bailey_8,
          minivault_25_ag, uniq_urug
Temple:   nicolae_temple_no_exploring_needed
Lair:1:   statuecave_lemuel, layout_misc_corridors, grunt_megastairs_3,
          serial_bayou_shore_b, uniq_nergalle, uniq_harold
Lair:2:   layout_cave_pods, kennysheep_abandoned_house
Lair:3:   layout_hall_layers, minmay_snake_entry_spellcaster, grunt_megastairs_1
Lair:4:   layout_layer_cave, swamp_mist_pool, minmay_lair_oklob_chamber
Lair:5:   layout_concentric_octagons, lemuel_fruit_tree

Skill      XL: |  1  2  3  4  5  6  7  8  9 10 11 12 13 |
---------------+----------------------------------------+-----
Fighting       | 1 2 3 5 6 7 8 9 |  9.3
Transmutations | 4 5 7 8 |  8.0
Unarmed Combat | 4 5 6 8 10 11 13 | 13.8
Spellcasting   | 3 4 5 6 |  6.0
Evocations     | 4 5 6 |  6.2
Dodging        | 3 5 |  5.8
Armour         | 2 4 5 |  5.4

Action                   |  1- 3 |  4- 6 |  7- 9 | 10-12 | 13-15 || total
-------------------------+-------+-------+-------+-------+-------++-------
Melee: Unarmed           |   120 |   113 |   276 |   363 |    88 ||   960
       Bite              |    29 |    26 |    43 |    91 |    25 ||   214
       Kick              |     4 |     5 |     3 |       |       ||    12
       Headbutt          |     2 |       |       |       |       ||     2
       Punch             |     1 |     1 |     7 |    13 |     5 ||    27
       Staff             |       |     1 |     3 |       |       ||     4
Throw: Dart              |       |    32 |     3 |       |       ||    35
 Cast: Beastly Appendage |     9 |     7 |     5 |       |       ||    21
       Spider Form       |       |       |    15 |     1 |       ||    16
       Blade Hands       |       |       |     5 |    70 |    11 ||    86
Invok: Curse Item        |       |       |     2 |       |       ||     2
 Abil: End Transformatio |       |       |       |     1 |       ||     1
       Evoke Flight      |       |       |       |     2 |       ||     2
       Stop Flying       |       |       |       |     1 |       ||     1
Evoke: Wand              |       |     1 |     1 |    11 |       ||    13
       Lamp of fire      |       |       |       |     1 |       ||     1
  Use: Scroll            |       |       |     4 |    11 |       ||    15
       Potion            |       |       |       |       |     4 ||     4
 Stab: Sleeping          |       |       |     1 |     1 |       ||     2
  Eat: Chunk             |     2 |     7 |    16 |    50 |     8 ||    83
Armor: Robe              |     5 |       |       |       |       ||     5
       Ring mail         |    53 |    25 |       |       |       ||    78
       Leather armour    |       |       |    27 |    60 |     7 ||    94
       Skin              |       |       |     3 |       |       ||     3
Dodge: Dodged            |    90 |    59 |   152 |   210 |    54 ||   565
